 Dungeon Crawl Stone Soup version 0.20.1-1-g8b1a95d (webtiles) character file.

154 tmwrnj the Chopper (level 5, -2/47 HPs)
             Began as a Hill Orc Fighter on July 5, 2017.
             Slain by Blork the orc
             ... wielding a +0 long sword
              (4 damage)
             ... on level 4 of the Dungeon.
             The game lasted 00:05:37 (1943 turns).

tmwrnj the Chopper (Hill Orc Fighter)               Turns: 1943, Time: 00:05:38

Health: -2/47      AC:  9    Str: 20    XL:     5   Next: 36%
Magic:  5/5        EV:  5    Int:  8    God:
Gold:   126        SH: 11    Dex: 10    Spells: 4/4 levels left

rFire    . . .     SeeInvis .   a - +0 war axe
rCold    . . .     Gourm    .   h - +2 shield
rNeg     . . .     Faith    .   i - +0 chain mail
rPois    .         Spirit   .   (no helmet)
rElec    .         Reflect  .   (no cloak)
rCorr    .         Harm     .   (no gloves)
MR       .....                  (no boots)
Stlth    ..........             (no amulet)
Regen    0.2/turn               (no ring)
MPRegen  0.1/turn               (no ring)

@: no status effects
A: no striking features
a: no special abilities


You were on level 4 of the Dungeon.
You were hungry.

You visited 1 branch of the dungeon, and saw 4 of its levels.

You collected 126 gold pieces.

Inventory:

Hand Weapons
 a - a +0 war axe (weapon)
Armour
 h - a +2 shield (worn)
 i - a +0 chain mail (worn)
 q - a +0 plate armour
Jewellery
 b - an uncursed amulet of guardian spirit {unknown}
 s - a cursed ring of loudness {unknown}
Scrolls
 c - 2 scrolls of teleportation {unknown}
 e - 3 scrolls of noise {unknown}
 j - 2 scrolls of remove curse {unknown}
 m - a scroll of recharging {unknown}
 v - a scroll of amnesia {unknown}
Potions
 d - a potion of might
 k - 2 potions of lignification {unknown}
 l - a potion of magic {unknown}
 n - a potion of degeneration {unknown}
 o - 2 potions of curing {unknown}
 r - a potion of mutation {unknown}
 t - a potion of resistance {unknown}
 u - a potion of agility {unknown}
Comestibles
 f - a bread ration
 g - a meat ration
 p - 2 royal jellies


   Skills:
 + Level 4.3 Fighting
 + Level 4.5 Axes
 + Level 4.1 Armour
 + Level 0.4 Dodging
 + Level 4.3 Shields


You had 4 spell levels left.
You didn't know any spells.

Dungeon Overview and Level Annotations

Branches:
Dungeon (4/15)
 Temple: D:4-7

Altars:
Dithmenos

Shops:
D:4 *

Annotations:
D:2 Sigmund
D:4 Blork the orc


Message History

A puff of frost appears from out of thin air!
The puff of frost hits you!
You hear some strange, mumbled words.
A puff of frost appears from out of thin air!
The puff of frost hits you!
You closely miss something. Something hits you. Something hits you!
* * * LOW HITPOINT WARNING * * *
You closely miss something. Something hits you.
* * * LOW HITPOINT WARNING * * *
Something hits you but does no damage.
You hit something. Something hits you but does no damage.
You closely miss something. Something hits you but does no damage.
You hear some strange, mumbled words.
A puff of frost appears from out of thin air!
The puff of frost hits you!
* * * LOW HITPOINT WARNING * * *
You miss something. Something hits you.
* * * LOW HITPOINT WARNING * * *
Something hits you.
You die...

#####
##...##
##..#..#
##..###.#
#..## #.#
#.## #.#
#.# #.#
#.# #.##
#@# #..#
#{.# ##.#
##.# #..#
." #.##
#.# #.#
.. #.##
#.##..#
#..##.#
##..#..#


There were no monsters in sight!

Vanquished Creatures
  A bullfrog skeleton (D:4)
  A hound skeleton (D:4)
  2 adders (D:3)
  2 gnolls (D:3)
  An ooze (D:2)
  2 dart slugs
  4 leopard geckos
  2 ball pythons
  3 giant cockroaches
  13 goblins
  6 hobgoblins
  4 jackals (D:3)
  6 kobolds
  A quokka (D:2)
  4 bats
  2 frilled lizards
  A quokka skeleton (D:3)
  2 rats (D:3)
57 creatures vanquished.

Notes
Turn   | Place    | Note
-------+----------+-------------------------------------------
     0 | D:1      | tmwrnj the Hill Orc Fighter began the quest for the Orb.
     0 | D:1      | Reached XP level 1. HP: 19/19 MP: 1/1
   303 | D:1      | Reached XP level 2. HP: 20/27 MP: 2/2
   774 | D:2      | Reached XP level 3. HP: 33/33 MP: 3/3
   840 | D:2      | Noticed Sigmund
  1261 | D:3      | Reached XP level 4. HP: 39/40 MP: 4/4
  1720 | D:3      | Noticed a big kobold
  1799 | D:4      | Found Eplunwat's Assorted Antiques.
  1868 | D:4      | Reached XP level 5. HP: 35/47 MP: 5/5
  1901 | D:4      | Found a shadowy altar of Dithmenos.
  1927 | D:4      | Noticed Blork the orc
  1943 | D:4      | HP: 2/47 [something (4)]
  1943 | D:4      | Slain by Blork the orc

Skill      XL: |  1  2  3  4 |
---------------+-------------+-----
Axes           | 3 4 |  4.5
Fighting       | 4 |  4.3
Armour         | 4 |  4.1
Shields        | 4 |  4.3
Dodging        | |  0.4

Action                   |  1- 3 |  4- 6 || total
-------------------------+-------+-------++-------
Melee: War axe           |   107 |    92 ||   199
  Eat: Chunk             |     1 |     2 ||     3
Armor: Scale mail        |     6 |       ||     6
       Chain mail        |    64 |    57 ||   121
Dodge: Dodged            |    21 |    23 ||    44
Block: Shield            |    84 |    78 ||   162
